 Dungeon Crawl Stone Soup version 0.29-a0-398-ge13fd1374b (webtiles) character file.

Game seed: 16946327425843340505

9529 siradein the Destroyer (level 11, -1/74 HPs)
             Began as a White Draconian Conjurer on May 12, 2022.
             Was a Believer of Vehumet.
             Slain by a death yak (15 damage)
             ... on level 9 of the Dungeon.
             The game lasted 00:48:59 (14677 turns).

siradein the Destroyer (White Draconian Conjurer)  Turns: 14677, Time: 00:48:59

Health: -1/74      AC:  7    Str:  9    XL:     11   Next: 24%
Magic:  1/26       EV: 12    Int: 22    God:    Vehumet [**....]
Gold:   622        SH:  4    Dex: 19    Spells: 13/32 levels left

rFire   . . .      SeeInvis +   t - +9 mace of Demonkind {spect, Fragile rCorr Dex+8}
rCold   + . .      Faith    .   C - +0 buckler
rNeg    + . .      Spirit   .   (body armour unavailable)
rPois   .          Reflect  .   (helmet restricted)
rElec   .          Harm     .   (no cloak)
rCorr   +          Rampage  .   (no gloves)
Will    .....                   (no boots)
Stlth   ++........              (no amulet)
HPRegen 0.22/turn               u - ring of see invisible
MPRegen 0.20/turn               x - ring of positive energy

@: freezing walls
A: breathe frost, AC +7, unfitting armour, cold resistance 1, cold-blooded
a: Breathe Frost, Renounce Religion


You were on level 9 of the Dungeon.
You worshipped Vehumet.
Vehumet was pleased with you.
You visited 2 branches of the dungeon, and saw 11 of its levels.
You also visited: Ossuary and Bailey.

You collected 646 gold pieces.
You spent 24 gold pieces at shops.

Inventory:

Hand Weapons
 t - the +9 mace of Demonkind (weapon) {spect, Fragile rCorr Dex+8}
   (You found it on level 5 of the Dungeon)

   When its wielder attacks, the weapon's spirit leaps out and strikes again.
   The spirit shares a part of any damage it takes with its wielder.
   Dex:       It affects your dexterity (+8).
   rCorr:     It protects you from acid and corrosion.
   Fragile:   It will be destroyed if unequipped.
Armour
 C - a +0 buckler (worn)
Jewellery
 u - a ring of see invisible (left hand)
 x - a ring of positive energy (right hand)
Wands
 l - a wand of polymorph (18)
 p - a wand of flame (28)
 D - a wand of paralysis (3)
 J - a wand of charming (5)
Scrolls
 b - 3 scrolls of noise {unknown}
 c - 6 scrolls of immolation
 e - 3 scrolls of poison
 g - 3 scrolls of amnesia
 h - 4 scrolls of torment
 j - 3 scrolls of vulnerability {unknown}
 m - 4 scrolls of enchant armour
 o - 2 scrolls of fog
 s - a scroll of magic mapping {unknown}
 y - 2 scrolls of fear {unknown}
 B - 2 scrolls of acquirement
 G - 3 scrolls of teleportation
 H - a scroll of blinking {unknown}
Potions
 a - 9 potions of magic
 d - 5 potions of heal wounds
 f - 2 potions of flight {unknown}
 i - 2 potions of invisibility {unknown}
 k - 7 potions of curing
 n - 3 potions of mutation {unknown}
 q - 2 potions of haste {unknown}
 r - a potion of cancellation {unknown}
 v - 4 potions of might {unknown}
 w - 3 potions of ambrosia {unknown}
 A - a potion of berserk rage {unknown}
 E - a potion of lignification {unknown}
 F - a potion of resistance
 I - a potion of attraction {unknown}


   Skills:
 - Level 1.7 Dodging
 - Level 1.7 Stealth
 + Level 11.1 Spellcasting
 + Level 12.4 Conjurations
 + Level 6.9 Ice Magic


You had 13 spell levels left.
You knew the following spells:

 Your Spells              Type           Power      Damage    Failure   Level
a - Magic Dart            Conj           100%       1d8       1%          1
b - Searing Ray           Conj           100%       2d8       1%          2
c - Fulminant Prism       Conj/Hex       19%        3d11      5%          4
d - Iskenderun's Mystic   Conj/Tloc      39%        2d9       5%          4
e - Freezing Cloud        Conj/Ice/Air   20%        6-21      14%         5
f - Frozen Ramparts       Ice            84%        1d10      1%          3

Your spell library contained the following spells:

 Spells                   Type           Power      Damage    Failure   Level
 Dazzling Flash           Conj/Hex       78%        N/A       1%          3
 Ensorcelled Hibernation  Hex/Ice        54%        N/A       2%          2
 Mephitic Cloud           Conj/Pois/Air  30%        N/A       4%          3
 Slow                     Hex            48%        N/A       8%          1
 Passwall                 Tmut/Erth      10%        N/A       11%         2
 Confusing Touch          Hex            12%        N/A       22%         3
 Gell's Gravitas          Tloc           12%        N/A       22%         3
 Ignite Poison            Fire/Tmut/Pois 12%        N/A       22%         3
 Lesser Beckoning         Tloc           12%        N/A       22%         3
 Swiftness                Air            12%        N/A       22%         3
 Teleport Other           Tloc           12%        N/A       22%         3
 Vampiric Draining        Necr           12%        2d6       22%         3
 Starburst                Conj/Fire      19%        6d7       65%         6
 Dispersal                Tloc           6%         N/A       100%        6


Dungeon Overview and Level Annotations

Branches:
Dungeon (10/15)            Temple (1/1) D:6         Ossuary (visited)
 Bailey (visited)
   Lair: D:8-11         Orc: D:9-12

Altars:
Ashenzari
Cheibriados
Dithmenos
Elyvilon
Fedhas
Gozag
Hepliaklqana
Kikubaaqudgha
Makhleb
Nemelex Xobeh
Okawaru
Qazlal
Ru
Sif Muna
Trog
Uskayaw
Vehumet
Wu Jian
Xom
Yredelemnul
Zin
The Shining One

Shops:
D:4 ?   D:5 [


Innate Abilities, Weirdness & Mutations

You can breathe waves of freezing cold which knock back foes.
Your icy white scales are hard. (AC +7)
You cannot fit into any form of body armour.
Your flesh is cold resistant. (rC+)
You are cold-blooded and may be slowed by cold attacks.


Message History

The death yak attacks as you move away! The death yak gores you!
The death yak attacks as you move away! The death yak closely misses you.
You have got your breath back.
Your magical contamination has completely faded away.
There is an escape hatch in the ceiling here.
The death yak misses you. A mysterious force pulls you upwards.
The hatch slams shut behind you.
You thump the death yak!
You tail-slap the death yak, but do no damage.
The death yak is lightly wounded.
Your +9 mace of Demonkind {spect, Fragile rCorr Dex+8} hits the death yak but does no damage.
The death yak gores you!!
Casting: Iskenderun's Mystic Blast (dangerous; 5% risk of failure)
Confirm with . or Enter, or press ? or * to list all spells.
Aiming: Searing Ray (safe; 1% risk of failure)
Press: ? - help, Shift-Dir - straight line, f - death yak
Aim: a death yak (lightly wounded, 94% to hit)
The searing ray hits the death yak.
The death yak is lightly wounded. (Press . to maintain the ray.)
The death yak gores you but does no damage.
Casting: Searing Ray (safe; 1% risk of failure)
Confirm with . or Enter, or press ? or * to list all spells.
Casting: Frozen Ramparts (safe; 1% risk of failure)
Press: ? - help, Dir - look around, f - activate The walls around you are covered in ice.
The wall freezes the death yak!
The death yak gores you!
* * * LOW HITPOINT WARNING * * *
Unknown command.
You hit the death yak but do no damage.
The death yak is moderately wounded.
Your +9 mace of Demonkind {spect, Fragile rCorr Dex+8} hits the death yak!
The wall freezes the death yak!
The death yak closely misses you.
Unknown command.
You hit the death yak but do no damage.
The death yak is heavily wounded.
Your +9 mace of Demonkind {spect, Fragile rCorr Dex+8} hits the death yak!
The wall freezes the death yak.
The death yak misses you.
The wall freezes the death yak.
The death yak gores you!
You die...

#......##..#.......#.............
#..................#........#....
#....#########...................
#.#..# #...................
#.#..# #...################
#....# #...#..............#
#....#########...####...##..#####
#..#......#..#...#########..'....
#......#..#..#.#@'.#........#.#..
#.........#..#.(Y####...##..#....
#.........#..#.....##..<##..####.
#.......#.#..#.##..#...........#.
#.........#..#.....#....###'####.
#....######..#######....#........
#....'............##....#........
#..#.######..#######....#........
#..#.######..#.....#....'...#####


You could see a death yak and a friendly +9 mace of Demonkind {spect, Fragile
rCorr Dex+8} (summoned).

Vanquished Creatures
  3 death yaks (D:10)
  Pikel (D:6)
  An orc sorcerer (Bailey)
  A kobold demonologist (Bailey)
  A wraith (D:9)
  Sigmund (D:3)
  A human (shapeshifter) (D:10)
  11 yaks
  4 steam dragons
  2 water moccasins
  An ice beast (D:6)
  A sky beast (D:7)
  8 orc warriors (Bailey)
  3 black bears
  An ogre (D:4)
  A centaur (D:6)
  2 kobold brigands
  A phantom (D:6)
  A lemure (D:5)
  Blork the orc (D:6)
  3 elf zombies (Ossuary)
  2 necrophages
  3 scorpions
  6 wights
  3 killer bees (D:8)
  8 electric eels (Bailey)
  2 howler monkeys (D:5)
  4 centaur zombies (Ossuary)
  5 human zombies (Ossuary)
  An orc priest (D:5)
  3 hounds
  2 iguanas
  Natasha (thrice) (D:3)
  8 orc wizards
  4 mummies
  Robin (D:4)
  9 adders
  9 gnolls
  2 white imps
  An ufetubus (D:4)
  2 worms
  22 orcs
  4 endoplasms
  4 giant cockroaches
  24 goblins
  10 hobgoblins
  5 jackals
  24 kobolds
  3 quokkas
  5 ball pythons
  2 bats
  5 frilled lizards
  A goblin zombie (D:8)
  An orc zombie (D:8)
  3 rats
240 creatures vanquished.

Vanquished Creatures (others)
  An orc wizard (D:3)
  9 fulminant prisms (Bailey)
10 creatures vanquished.

Grand Total: 250 creatures vanquished

Notes
Turn   | Place    | Note
-------+----------+-------------------------------------------
     0 | D:1      | siradein the Draconian Conjurer began the quest for the
                  | Orb.
     0 | D:1      | Reached XP level 1. HP: 14/14 MP: 3/3
   134 | D:1      | Found a faded altar of an unknown god.
   438 | D:1      | Reached XP level 2. HP: 20/20 MP: 1/5
   903 | D:1      | Learned a level 2 spell: Searing Ray
  1629 | D:2      | Reached XP level 3. HP: 26/26 MP: 0/7
  1982 | D:2      | Reached XP level 4. HP: 33/33 MP: 1/8
  2093 | D:2      | Reached skill level 5 in Conjurations
  2577 | D:2      | Found a broken altar of Ashenzari.
  2737 | D:2      | Learned a level 1 spell: Magic Dart
  2742 | D:2      | Learned a level 4 spell: Fulminant Prism
  2932 | D:3      | Noticed Natasha
  2937 | D:3      | Killed Natasha
  3188 | D:3      | Noticed Sigmund
  3323 | D:3      | Noticed Natasha
  3326 | D:3      | Killed Natasha
  3327 | D:3      | Reached XP level 5. HP: 38/38 MP: 5/10
  3442 | D:3      | Killed Sigmund
  3443 | D:3      | Reached XP level 6. HP: 40/45 MP: 5/12
  3535 | D:3      | Noticed Natasha
  3537 | D:3      | Killed Natasha
  3538 | D:3      | Reached skill level 6 in Conjurations
  4591 | D:4      | Reached skill level 5 in Spellcasting
  5047 | D:4      | Your scales start taking on an icy white colour.
  5047 | D:4      | Reached XP level 7. HP: 50/50 MP: 7/14
  5047 | D:4      | Gained mutation: Your flesh is cold resistant. (rC+) [White
                  | Draconian growth]
  5131 | D:4      | Noticed Robin
  5135 | D:4      | Killed Robin
  5321 | D:4      | Found Udghanaa's Magic Scroll Shoppe.
  5331 | D:4      | Bought a scroll of identify for 24 gold pieces
  5491 | D:4      | Reached skill level 7 in Conjurations
  5619 | D:5      | Entered Level 5 of the Dungeon
  6148 | D:5      | Noticed a yak
  6176 | D:5      | Killed a yak
  6177 | D:5      | Reached XP level 8. HP: 57/57 MP: 9/17
  6182 | D:5      | Learned a level 4 spell: Iskenderun's Mystic Blast
  6188 | D:5      | Learned a level 5 spell: Freezing Cloud
  6259 | D:5      | Reached skill level 8 in Conjurations
  6804 | D:5      | Found Ygubropt's Armour Emporium.
  6819 | D:5      | Identified the +9 mace of Demonkind {spect, Fragile rCorr
                  | Dex+8}
  7108 | D:6      | Noticed Blork the orc
  7113 | D:6      | Killed Blork the orc
  7387 | D:6      | Found a staircase to the Ecumenical Temple.
  7389 | D:6      | Reached skill level 9 in Conjurations
  7389 | D:6      | Noticed Pikel
  7669 | D:6      | Killed Pikel
  7670 | D:6      | Reached XP level 9. HP: 58/62 MP: 15/21
  7723 | Temple   | Entered the Ecumenical Temple
  8060 | Temple   | Became a worshipper of Vehumet
  8433 | D:6      | Reached skill level 10 in Conjurations
  9710 | D:8      | Found a sand-covered staircase.
  9752 | Ossuary  | Entered an ossuary
  9781 | Ossuary  | Reached * piety under Vehumet
  9781 | Ossuary  | Offered knowledge of Shock by Vehumet.
 10197 | D:8      | Reached skill level 11 in Conjurations
 10197 | D:8      | Reached XP level 10. HP: 55/69 MP: 18/23
 10512 | D:8      | Found a burning altar of Makhleb.
 10655 | D:9      | Reached skill level 1 in Ice Magic
 10780 | D:9      | Reached skill level 10 in Spellcasting
 10860 | D:9      | Found a flagged portal.
 10878 | Bailey   | Entered a bailey
 11320 | Bailey   | Reached ** piety under Vehumet
 11320 | Bailey   | Offered knowledge of Scorch by Vehumet.
 11406 | Bailey   | Noticed an orc sorcerer
 11424 | Bailey   | Killed an orc sorcerer
 11960 | Bailey   | Found an iron altar of Okawaru.
 12290 | Bailey   | Reached skill level 5 in Ice Magic
 12903 | D:9      | Offered knowledge of Frozen Ramparts by Vehumet.
 12910 | D:9      | Learned a level 3 spell: Frozen Ramparts
 13083 | D:9      | Reached skill level 12 in Conjurations
 13781 | D:9      | Reached XP level 11. HP: 74/74 MP: 18/25
 14246 | D:10     | Entered Level 10 of the Dungeon
 14373 | D:10     | Noticed a death yak
 14374 | D:10     | Identified the +3 quarterstaff of Jetianam {pain, MP+9}
 14374 | D:10     | Noticed a death yak
 14399 | D:10     | Killed a death yak
 14504 | D:10     | Noticed a death yak
 14532 | D:10     | Killed a death yak
 14641 | D:10     | Noticed a death yak
 14641 | D:10     | Noticed a death yak
 14662 | D:10     | Killed a death yak
 14677 | D:9      | Slain by a death yak

Illustrated notes

Levels and vault maps discovered:
D:1:      lemuel_arrival_rhombus, layout_basic,
          nicolae_ecumenical_snake_handling
D:2:      layout_basic, basic_altar, st_stairs_11
D:3:      layout_loops_ring, grunt_ministairs_5, uniq_sigmund, uniq_natasha
D:4:      layout_basic, serial_shops, nicolae_shop_crystal, uniq_robin
D:5:      layout_basic, serial_bayou_pond_e, nicolae_stop_n_shop_1
D:6:      layout_basic, minmay_temple_entry_grid, serial_glass, glass_columns_a,
          glass_columns_a, glass_columns_a, glass_columns_b, uniq_blork_the_orc,
          uniq_pikel
D:7:      layout_basic
D:8:      layout_cave_pools, kennysheep_little_box, nicolae_ossuary_entry_giza,
          minmay_misc_feat_diagonals, amcnicky_mini_corridor_feature
D:9:      layout_stronghold, enter_bailey_5
D:10:     layout_roguey, dpeg_lair_monsters, hangedman_glass_garden,
          grunt_ministairs_2, minmay_hedge_maze, minivault_21,
          minmay_misc_feat_five, nicolae_lava_and_water, chequers_big_river
Temple:   nicolae_temple_the_god_donut

Skill      XL: |  1  2  3  4  5  6  7  8  9 10 11 |
---------------+----------------------------------+-----
Spellcasting   | 3 4 5 6 8 9 10 11 | 11.1
Conjurations   | 5 6 7 9 11 12 | 12.4
Ice Magic      | 5 6 |  6.9
Dodging        | |  1.7
Stealth        | |  1.7

Action                   |  1- 3 |  4- 6 |  7- 9 | 10-12 || total
-------------------------+-------+-------+-------+-------++-------
Melee: Unarmed           |    22 |       |       |       ||    22
       Tailslap          |     1 |     1 |    13 |     1 ||    16
       Short sword       |     4 |    12 |       |       ||    16
       Dagger            |       |       |     6 |       ||     6
       Mace              |       |       |    85 |    10 ||    95
 Cast: Magic Dart        |    51 |    75 |    93 |   123 ||   342
       Searing Ray       |     4 |    15 |    30 |    38 ||    87
       Fulminant Prism   |       |       |       |     9 ||     9
       Frozen Ramparts   |       |       |       |    10 ||    10
       Iskenderun's Myst |       |       |       |     6 ||     6
 Abil: Breathe Frost     |       |       |     1 |    11 ||    12
  Use: Scroll            |       |     2 |     6 |       ||     8
       Potion            |       |       |       |     1 ||     1
 Stab: Sleeping          |       |       |     2 |       ||     2
       Distracted        |       |       |       |     1 ||     1
Armor: Skin              |    10 |    22 |    56 |    17 ||   105
Dodge: Dodged            |    27 |    29 |   104 |    52 ||   212
Block: Buckler           |       |       |     4 |    16 ||    20

Table legend: (Time is in decaauts)
 A = Elapsed time spent in this place.
 B = Non-inter-level travel time spent in this place.
 C = Inter-level travel time spent in this place.
 D = Time resting spent in this place.
 E = Time spent auto-exploring this place.
 F = Levels seen in this place.
 G = Mean time per level.
                   A        B        C        D        E       F      G
               +--------+--------+--------+--------+--------+-----+--------+
         Total |  14715 |  14542 |    173 |    619 |  11363 |  13 | 1131.9 |
       Dungeon |  11966 |  11793 |    173 |    542 |   9276 |  10 | 1196.6 |
        Temple |    364 |    364 |      0 |      0 |    268 |   1 |  364.0 |
       Ossuary |    372 |    372 |      0 |      0 |    267 |   1 |  372.0 |
        Bailey |   2012 |   2012 |      0 |     77 |   1552 |   1 | 2012.0 |
               +--------+--------+--------+--------+--------+-----+--------+

Top non-repeatable levels by time:
  Bailey: 2012 daAuts
     D:5: 1700 daAuts
     D:9: 1622 daAuts
     D:3: 1607 daAuts
     D:2: 1524 daAuts
     D:1: 1333 daAuts
     D:4: 1137 daAuts
     D:6: 1082 daAuts
     D:8: 783 daAuts
     D:7: 748 daAuts
    D:10: 425 daAuts
 Ossuary: 372 daAuts
  Temple: 364 daAuts
